 Dungeon Crawl Stone Soup version 0.23.0 (webtiles) character file.

Game seed: 13371420108706196971

35 Wot the Skirmisher (level 3, -2/43 HPs)
             Began as a Demonspawn Berserker on Feb 20, 2019.
             Was a Believer of Trog.
             Slain by an orc
             ... wielding a +0 short sword
              (6 damage)
             ... on level 4 of the Dungeon on Feb 21, 2019.
             The game lasted 00:05:20 (1331 turns).

Wot the Skirmisher (Demonspawn Berserker)           Turns: 1331, Time: 00:05:21

Health: -2/43      AC:  2    Str: 23    XL:     3   Next: 17%
Magic:  3/3        EV: 12    Int:  8    God:    Trog [**....]
Gold:   34         SH:  0    Dex: 12    Spells: 2/2 levels left

rFire    . . .     SeeInvis .   a - +0 hand axe
rCold    + . .     Gourm    .   (no shield)
rNeg     . . .     Faith    .   c - +0 robe (curse)
rPois    .         Spirit   .   (no helmet)
rElec    .         Reflect  .   (no cloak)
rCorr    .         Harm     .   (no gloves)
MR       .....                  (no boots)
Stlth    ..........             (no amulet)
HPRegen  0.14/turn              (no ring)
MPRegen  0.08/turn              (no ring)

@: berserking, very quick
A: talons 1, cold resistance 1
a: Berserk, Trog's Hand, Renounce Religion


You were on level 4 of the Dungeon.
You worshipped Trog.
Trog was pleased with you.
You were not hungry.

You visited 1 branch of the dungeon, and saw 3 of its levels.

You collected 34 gold pieces.

Inventory:

Hand Weapons
 a - a +0 hand axe (weapon)
Armour
 b - a +0 animal skin
 c - a cursed +0 robe (worn)
Scrolls
 f - a scroll of identify {unknown}
Potions
 d - a potion of lignification {unknown}
 e - a potion of curing {unknown}
 h - a potion of might {unknown}
Comestibles
 g - a ration


   Skills:
 + Level 3.5 Fighting
 + Level 3.2 Axes
 + Level 1.8 Armour
 + Level 2.1 Dodging


You had 2 spell levels left.
You didn't know any spells.
Your spell library was empty.

Dungeon Overview and Level Annotations

Branches:
Dungeon (2/15)

Altars:
Beogh

Annotations:
D:4 3 runed translucent doors, Merthurian's ghost, amateur MiFi


Innate Abilities, Weirdness & Mutations

You have sharp toenails.
Your flesh is cold resistant. (rC+)


Message History

The orc shouts!
An orc comes into view. It is wielding a +0 short sword.
An orc priest comes into view.
The orc shouts!
The orc priest shouts!
You hear a shout!
An orc comes into view. It is wielding a +0 short sword.
The orc shouts!
The orc priest invokes the aid of Beogh against you.
Beogh smites you!
An orc priest comes into view. It is wielding a +0 mace.
A red film seems to cover your vision as you go berserk!
You feel yourself moving faster!
You feel mighty!
You feel a lot more hungry. The orc hits you with a +0 dagger.
You closely miss the orc. You claw the orc!
You kill the orc!
Trog accepts your kill.
The orc priest calls down the wrath of Beogh upon you.
Beogh smites you!
* * * LOW HITPOINT WARNING * * *
The orc hits you with a +0 short sword.
You die...

.# ..# .. ...##
..# #....# #.#
...o..# #.#
...o.##.##### ##
#o..#.....#
#######8
#o@.<..#
8.....#.
##....##
..##..#. ##...#
..8#..#. ##..#
..##..#. ##.##
....#.#. ##.#
[..o#.+.
#.####_.8.#.+.
##....#[...#.+.
##.....#...o#.#.


You could see 2 orc priests and 2 orcs.

Vanquished Creatures
  An ooze (D:1)
  A dart slug (D:1)
  2 leopard geckos (D:1)
  An orc (D:4)
  2 bats (D:1)
  2 giant cockroaches (D:1)
  3 hobgoblins
  A ball python (D:2)
  3 frilled lizards
  A goblin (D:1)
  7 kobolds
  4 rats
28 creatures vanquished.

Notes
Turn   | Place    | Note
-------+----------+-------------------------------------------
     0 | D:1      | Wot the Demonspawn Berserker began the quest for the Orb.
     0 | D:1      | Reached XP level 1. HP: 18/18 MP: 1/1
   109 | D:1      | Gained mutation: You have sharp toenails. [demonic
                  | ancestry]
   109 | D:1      | Reached XP level 2. HP: 7/24 MP: 2/2
   784 | D:1      | Reached ** piety under Trog
   899 | D:2      | Gained mutation: Your flesh is cold resistant. (rC+)
                  | [demonic ancestry]
   899 | D:2      | Reached XP level 3. HP: 24/29 MP: 3/3
   952 | D:2      | You fall through a shaft for 2 floors!
  1071 | D:4      | Found a runed translucent gate.
  1072 | D:4      | Found a runed translucent gate.
  1073 | D:4      | Identified the +8 dagger of Psychosis {vamp, *Corrode
                  | Str+4}
  1073 | D:4      | Identified the +0 ring mail of the Vaults {rCorr Str-4
                  | Int+7}
  1073 | D:4      | Noticed Merthurian's ghost (amateur MiFi)
  1093 | D:4      | Found a runed translucent gate.
  1093 | D:4      | Noticed an orc warrior
  1100 | D:4      | Found a roughly hewn altar of Beogh.
  1331 | D:4      | Slain by an orc

Skill      XL: |  1  2 |
---------------+-------+-----
Axes           | 3 |  3.2
Dodging        | 2 |  2.1
Fighting       | |  3.5
Armour         | |  1.8

Action                   || total
-------------------------++-------
Melee: Hand axe          ||    68
       Kick              ||    10
Invok: Berserk           ||     2
  Use: Scroll            ||     2
  Eat: Ration            ||     1
Armor: Animal skin       ||    18
Dodge: Dodged            ||    57
